 Dungeon Crawl Stone Soup version 0.27-a0-1532-gca18f49f40 (webtiles) character file.

Game seed: 11765733032990880456

16 lunkers the Insei (level 2, 0/23 HPs)
             Began as a Djinni Warper on July 12, 2021.
             Hit by a stone thrown by a hobgoblin (5 damage)
             ... on level 2 of the Dungeon.
             The game lasted 00:01:45 (1614 turns).

lunkers the Insei (Djinni Warper)                   Turns: 1614, Time: 00:01:46

Health: 0/23       AC:  4    Str: 10    XL:     2   Next: 70%
Gold:   32         EV: 11    Int: 14    God:
                   SH:  0    Dex: 12

rFire    + + .     SeeInvis +     - Unarmed
rCold    x . .     Faith    .   (no shield)
rNeg     . . .     Spirit   .   a - +0 leather armour
rPois    ∞         Reflect  .   j - +0 helmet
rElec    .         Harm     .   (no cloak)
rCorr    .         Rampage  .   (no gloves)
Will     .....                  (boots unavailable)
Stlth    +.........             (no amulet)
HPRegen  0.07/turn              h - ring of see invisible
MPRegen  0.00/turn              (no ring)

@: flying
A: sickness immunity, fire resistance 2, cold vulnerability 1, float, innate
caster, hp casting, extra vitality 1
a: no special abilities


You were on level 2 of the Dungeon.
You visited 1 branch of the dungeon, and saw 2 of its levels.

You collected 32 gold pieces.

Inventory:

Missiles
 c - 5 boomerangs of dispersal
 g - 20 stones (quivered)
Armour
 a - a +0 leather armour (worn)
 j - a +0 helmet (worn)
Jewellery
 h - a ring of see invisible (left hand)
Scrolls
 b - a scroll of blinking
 e - 2 scrolls of immolation {unknown}
 i - a scroll of identify {unknown}
Potions
 d - a potion of attraction {unknown}
 f - a potion of lignification {unknown}


   Skills:
 - Level 2.0 Fighting
 - Level 0.7 Throwing
 - Level 1.0 Armour
 - Level 2.1 Dodging
 * Level 3.1 Unarmed Combat
 - Level 2.4 Spellcasting


You couldn't memorise any spells.
You knew the following spells:

 Your Spells              Type           Power      Damage    Failure   Level
b - Lesser Beckoning      Tloc           4%         N/A       34%         3
c - Gell's Gravitas       Tloc           4%         N/A       34%         3
d - Teleport Other        Tloc           8%         N/A       34%         3
e - Manifold Assault      Tloc           8%         N/A       97%         5
p - Blink                 Tloc           N/A        N/A       17%         2
Your spell library was empty.

Dungeon Overview and Level Annotations

Branches:
Dungeon (2/15)

Altars:

Shops:
D:1 [   D:2 *


Innate Abilities, Weirdness & Mutations

You are immune to sickness and miasma.
You are immune to poison.
Your flesh is very heat resistant. (rF++)
You are vulnerable to cold. (rC-)
You float through the air rather than walking.
You learn spells naturally, not from books.
Your magical power is your life essence.
You have superior vitality. (+4 HP)


Message History

The adder misses you.
You closely miss the giant cockroach.
The giant cockroach is heavily wounded.
The giant cockroach bites you but does no damage.
The kobold closely misses you. The adder closely misses you.
You closely miss the giant cockroach.
The giant cockroach is heavily wounded.
The giant cockroach closely misses you. The adder barely misses you.
The kobold closely misses you.
You hit the giant cockroach but do no damage.
The giant cockroach is heavily wounded.
The giant cockroach barely misses you. The adder barely misses you.
The kobold hits you with a +0 dagger.
* * * LOW HITPOINT WARNING * * *
The adder closely misses you. The giant cockroach barely misses you.
The adder bites you.
* * * LOW HITPOINT WARNING * * *
The adder misses you. The adder bites you.
* * * LOW HITPOINT WARNING * * *
You aren't carrying any items that you can evoke.
Unknown command.
The adder barely misses you. The giant cockroach bites you.
* * * LOW HITPOINT WARNING * * *
The adder closely misses you. The adder bites you.
* * * LOW HITPOINT WARNING * * *
The giant cockroach barely misses you. The adder bites you.
* * * LOW HITPOINT WARNING * * *
The adder bites you but does no damage.
Blink to where?
Press: ? - help, Dir - move target, p - giant cockroach
As you read the scroll of blinking, it crumbles to dust.
A hobgoblin comes into view. It is wielding a +0 dagger.
The hobgoblin moves out of view.
The hobgoblin shouts!
The hobgoblin throws a stone.
The stone hits you.
You die...

######### ############
#.......####..........#
#......>.......∩...##.#
####
#..####.####.#####.##.#
....### ##..####.####.#
#.##.#
.....###.......@.g##.#
#.##.# .
#.......#..###.#.##.#
##†##.## .##...###.[.##
#.#.##.# #....#..
............# #.#.##.#
#..##.#. .......(..###
#.#.##.# #..##.#.
.##...#####
#.#.##.####..##.#.
.##...#
#S..##..........#.
......####
##.......###.####.
..≈#≈....##
#.###.......# #.


You could see an adder and a hobgoblin.

Vanquished Creatures
  2 endoplasms
  A giant cockroach (D:1)
  2 goblins
  3 kobolds (D:1)
  4 ball pythons
  4 rats
16 creatures vanquished.

Notes
Turn   | Place    | Note
-------+----------+-------------------------------------------
     0 | D:1      | lunkers the Djinni Warper began the quest for the Orb.
     0 | D:1      | Reached XP level 1. HP: 18/18 MP: 0/0
    23 | D:1      | Found a faded altar of an unknown god.
   603 | D:1      | Found Tuaso's Armour Shoppe.
   618 | D:1      | Reached XP level 2. HP: 20/23 MP: 0/0
  1357 | D:2      | Reached skill level 3 in Unarmed Combat
  1510 | D:2      | Found Xeophe Duyc's General Store.
  1614 | D:2      | Hit by a stone thrown by a hobgoblin

Illustrated notes

Levels and vault maps discovered:
D:1:      mushboom_english_gardens, layout_basic,
          shapermc_ecumenical_altar_ellora, serial_shops, shop_fountains,
          amcnicky_mini_pool_small, lemuel_another_geyser
D:2:      layout_loops_ring, serial_shops, shop, kennysheep_decorative_pillar,
          uniq_crazy_yiuf_cottage

Skill      XL: |  1  2 |
---------------+-------+-----
Unarmed Combat | 3 |  3.1
Fighting       | |  2.0
Throwing       | |  0.7
Armour         | |  1.0
Dodging        | |  2.1
Spellcasting   | |  2.4

Action                   || total
-------------------------++-------
Melee: Unarmed           ||    67
Throw: Stone             ||     2
  Use: Scroll            ||     1
Armor: Leather armour    ||    15
Dodge: Dodged            ||    51

Table legend: (Time is in decaauts)
 A = Elapsed time spent in this place.
 B = Non-inter-level travel time spent in this place.
 C = Inter-level travel time spent in this place.
 D = Time resting spent in this place.
 E = Time spent auto-exploring this place.
 F = Levels seen in this place.
 G = Mean time per level.
                   A        B        C        D        E       F      G
               +--------+--------+--------+--------+--------+-----+--------+
         Total |   1610 |   1595 |     15 |      0 |   1408 |   2 |  805.0 |
       Dungeon |   1610 |   1595 |     15 |      0 |   1408 |   2 |  805.0 |
               +--------+--------+--------+--------+--------+-----+--------+

Top non-repeatable levels by time:
     D:1: 1329 daAuts
     D:2: 280 daAuts
